 Dungeon Crawl Stone Soup version 0.31-a0-1074-g0b22e4e0f1 (webtiles) character file.

Game seed: 11559845159524555172

2459 IdlyInterested the Mimic (level 9, 0/62 (63) HPs)
             Began as a Demonspawn Shapeshifter on Dec 1, 2023.
             Slain by a wolf (5 damage)
             ... led by Grum
             ... on level 8 of the Dungeon.
             The game lasted 00:23:25 (7175 turns).

IdlyInterested the Mimic (Demonspawn Shapeshifter)  Turns: 7175, Time: 00:23:26

HP:   0/62 (63)     AC: 14    Str: 16    XL:     9   Next: 26%
MP:   0/12          EV:  5    Int: 12    God:
Gold: 357           SH:  0    Dex: 15    Spells: 8/8 levels left

rFire   . . .        r - melded +2 short sword (protect)
rCold   + . .        (shield currently unavailable)
rNeg    + . .        a - +0 plate armour
rPois   .            (helmet restricted)
rElec   .            C - +0 cloak
rCorr   .            h - +1 pair of gloves
SInv    .            (no boots)
Will    +....        (no amulet) Stlth
                     m - ring of willpower
HPRegen 0.30/turn    n - ring of positive energy
MPRegen 0.26/turn

%: guardian spirit
@: flux-form, glowing, lightly drained
A: glow, contaminating, horns 1, demonic guardian 1, magic shield, magic
regeneration, hooves 1, cold resistance 1, teleportitis 1
a: Begin Untransformation


You were on level 8 of the Dungeon.
You were something dangerously unstable.
You visited 2 branches of the dungeon, and saw 9 of its levels.

You collected 357 gold pieces.

Inventory:

Hand Weapons
 i - a +0 short sword
 r - a +2 short sword of protection (melded)
 M - a +0 scimitar
Missiles
 e - 34 stones (quivered)
 u - 7 boomerangs
 Q - 5 poisoned darts
Armour
 a - a +0 plate armour (worn)
 h - a +1 pair of gloves (worn)
 C - a +0 cloak (worn)
 H - a +0 pair of boots
Magical Staves
 w - a staff of fire
Jewellery
 m - a ring of willpower (left hand)
 n - a ring of positive energy (right hand)
 O - a ring of resist corrosion
Talismans
 c - a beast talisman
 d - a flux talisman (active)
 E - a maw talisman
 F - a serpent talisman
 N - a blade talisman
Wands
 k - a wand of charming (22)
Scrolls
 g - 2 scrolls of teleportation
 j - a scroll of fear
 l - a scroll of revelation
 o - a scroll of torment {unknown}
 p - 3 scrolls of blinking
 q - a scroll of immolation {unknown}
 t - a scroll of brand weapon {unknown}
 y - a scroll of enchant weapon {unknown}
 B - 2 scrolls of amnesia {unknown}
 D - 2 scrolls of enchant armour {unknown}
 G - a scroll of poison {unknown}
 J - 2 scrolls of fog {unknown}
Potions
 b - 2 potions of lignification
 f - a potion of attraction
 s - a potion of invisibility {unknown}
 v - a potion of brilliance {unknown}
 x - a potion of mutation
 z - a potion of magic {unknown}
 A - 2 potions of curing
 L - a potion of berserk rage {unknown}


   Skills:
 - Level 3.0 Fighting
 - Level 1.0 Staves
 - Level 1.0 Throwing
 - Level 2.0 Armour
 - Level 3.0 Dodging
 - Level 2.0 Stealth
 - Level 1.0 Shields
 + Level 4.3 Unarmed Combat
 - Level 1.0 Fire Magic
 - Level 4.0 Invocations
 - Level 1.0 Evocations
 * Level 8.6 Shapeshifting


You had 8 spell levels left.
You didn't know any spells.
Your spell library contained the following spells:

 Spells                   Type           Power      Damage    Failure   Level
 Blink                    Tloc           0%         N/A       100%        2
 Cigotuvi's Dreadful Rot  Necr/Pois/Air  0%         N/A       100%        2
 Lesser Beckoning         Tloc           0%         N/A       100%        2
 Momentum Strike          Conj/Tloc      0%         3d8       100%        2
 Dispel Undead            Necr           0%         3d6       100%        4
 Death Channel            Necr           0%         N/A       100%        6


Dungeon Overview and Level Annotations

Branches:
Dungeon (8/15)             Temple (1/1) D:7
   Lair: D:8-11

Altars:
Cheibriados
Dithmenos
Fedhas
Gozag
Kikubaaqudgha
Makhleb
Okawaru
Qazlal
Ru
Sif Muna
Vehumet
Wu Jian
Xom

Shops:
D:3 =   D:6 (

Annotations:
D:8 Grum


Innate Abilities, Weirdness & Mutations

You are something dangerously unstable.
You glow with magical radiation, making you easy to see and hit.
Foes you strike become dangerously contaminated with magical radiation.
You are incapable of wielding weapons or throwing items.
You have a pair of small horns on your head.
A weak demonic guardian rushes to your aid.
When hurt, damage is shared between your health and your magic reserves.
You regenerate magic rapidly.
You have large cloven feet.
Your flesh is cold resistant. (rC+)
You are occasionally teleported next to monsters.


Message History

The wolf is lightly wounded.
The wolf barely misses you. The wolf bites you!
* * * LOW HITPOINT WARNING * * *
The wolf bites you but does no damage. The wolf bites your ufetubus.
Your ufetubus misses the wolf.
Your ufetubus closely misses the wolf.
Unknown command.
You feel much better. The wolf bites you. The wolf closely misses you.
The wolf bites you! The wolf barely misses your ufetubus.
Your ufetubus closely misses the wolf.
Your ufetubus hits the wolf but does no damage.
The wolf bites you but does no damage. x2; The wolf barely misses you.
The wolf barely misses your ufetubus.
Grum hits you from afar with a -2 vampiric halberd!
* * * LOW HITPOINT WARNING * * *
You hit the wolf.
The wolf glows dangerously bright.
The wolf is moderately wounded.
Your ufetubus completely misses the wolf. x2
The wolf bites you but does no damage. The wolf barely misses you. x2
The wolf bites your ufetubus.
Your ufetubus hits the wolf.
Your ufetubus hits the wolf but does no damage.
The wolf barely misses you.
Grum hits you from afar with a -2 vampiric halberd!
* * * LOW HITPOINT WARNING * * *
You hit the wolf.
The wolf shudders as magic cascades through it.
The wolf twists and deforms.
You kick the wolf.
The wolf is severely wounded.
The wolf bites you but does no damage. x2
The wolf closely misses your ufetubus.
Your ufetubus misses the wolf. x2
The wolf bites you.
* * * LOW HITPOINT WARNING * * *
The wolf bites you.
* * * LOW HITPOINT WARNING * * *
The wolf bites you but does no damage. The wolf bites your ufetubus!
Your ufetubus dies!
Your ufetubus disappears in a puff of smoke!
You closely miss the wolf. Your kick misses the wolf.
The wolf is severely wounded.
The wolf bites you.
You die...

.....)..#................#
.^..........####.........#
...................<....#
#.#.........####.......##
..........>.# ##..#####
......#.....# #..##
#...........####hg.#####
#.#....######..hh§......##
#.
....#####...hp........##
...................#
..$................#
....$..............#
...................#
..............)...!#
.............).....#
.............)....##
####.......#..<..##


You could see Grum and 4 wolves.

Vanquished Creatures
  2 ice beasts
  A sky beast (D:7)
  2 black bears
  2 ogres
  3 centaurs
  2 phantoms (D:5)
  Blork the orc (D:5)
  3 bullfrogs
  4 scorpions
  3 wights (D:8)
  A howler monkey (D:6)
  A jelly (D:7)
  3 hounds
  3 iron imps (D:4)
  A gnoll bouda (D:5)
  3 iguanas
  A sleepcap (D:5)
  Natasha (thrice) (D:2)
  An orc wizard (D:8)
  2 gnolls (D:5)
  8 adders
  A shadow imp (D:6)
  4 white imps
  8 ufetubi
  2 worms (D:3)
  8 dart slugs
  8 orcs
  5 endoplasms
  2 giant cockroaches (D:2)
  7 goblins
  4 hobgoblins
  3 jackals (D:2)
  4 quokkas
  7 ball pythons
  4 bats
  8 frilled lizards
  11 kobolds
  5 rats
141 creatures vanquished.

Vanquished Creatures (collateral kills)
  A scorpion (D:5)
  A gnoll (D:5)
  A dart slug (D:2)
3 creatures vanquished.

Grand Total: 144 creatures vanquished

Notes
Turn   | Place    | Note
-------+----------+-------------------------------------------
     0 | D:1      | IdlyInterested the Demonspawn Shapeshifter began the quest
                  | for the Orb.
     0 | D:1      | Reached XP level 1. HP: 15/15 MP: 1/1
   165 | D:1      | Reached skill level 3 in Shapeshifting
   193 | D:1      | Gained mutation: You regenerate magic rapidly. [demonic
                  | ancestry]
   193 | D:1      | Reached XP level 2. HP: 14/21 MP: 2/2
  1046 | D:2      | Gained mutation: A weak demonic guardian rushes to your
                  | aid. [demonic ancestry]
  1046 | D:2      | Reached XP level 3. HP: 5/26 MP: 3/3
  1187 | D:2      | Noticed Natasha
  1201 | D:2      | Killed Natasha
  1209 | D:2      | Reached XP level 4. HP: 27/32 MP: 4/4
  1457 | D:2      | Reached skill level 1 in Throwing
  1607 | D:2      | Noticed Natasha
  1615 | D:2      | Killed Natasha
  1616 | D:2      | Reached skill level 4 in Shapeshifting
  1880 | D:2      | Noticed Natasha
  1894 | D:2      | Killed Natasha
  1895 | D:2      | Reached skill level 1 in Armour
  2019 | D:3      | Gained mutation: You have a pair of small horns on your
                  | head. [demonic ancestry]
  2019 | D:3      | Reached XP level 5. HP: 36/37 MP: 5/5
  2222 | D:3      | Found a faded altar of an unknown god.
  2305 | D:3      | Found a blossoming altar of Fedhas.
  2305 | D:3      | Found a radiant altar of Vehumet.
  2536 | D:3      | Found Girydet's Jewellery Emporium.
  3044 | D:4      | Reached skill level 1 in Stealth
  3279 | D:4      | Reached skill level 1 in Evocations
  3279 | D:4      | Reached skill level 5 in Shapeshifting
  3279 | D:4      | Reached XP level 6. HP: 33/43 MP: 6/6
  3458 | D:4      | Reached skill level 1 in Invocations
  3588 | D:4      | Found a burning altar of Makhleb.
  3610 | D:4      | Reached skill level 1 in Fire Magic
  3927 | D:5      | Entered Level 5 of the Dungeon
  3970 | D:5      | Reached skill level 6 in Shapeshifting
  3970 | D:5      | Reached XP level 7. HP: 28/48 MP: 7/7
  3980 | D:5      | Reached skill level 1 in Shields
  4275 | D:5      | Noticed Blork the orc
  4296 | D:5      | Killed Blork the orc
  4297 | D:5      | Reached skill level 7 in Shapeshifting
  4314 | D:5      | Gained mutation: When hurt, damage is shared between your
                  | health and your magic reserves. [demonic ancestry]
  4314 | D:5      | Reached XP level 8. HP: 30/55 MP: 8/8
  5828 | D:6      | Found Gess's Antique Weapon Emporium.
  5962 | D:6      | Found a shimmering altar of Xom.
  6100 | D:7      | Gained mutation: You are occasionally teleported next to
                  | monsters. [potion of mutation]
  6100 | D:7      | Gained mutation: You have large cloven feet. [potion of
                  | mutation]
  6100 | D:7      | Gained mutation: Your flesh is cold resistant. (rC+)
                  | [potion of mutation]
  6144 | D:7      | Reached skill level 1 in Staves
  6268 | D:7      | Reached skill level 8 in Shapeshifting
  6366 | D:7      | Reached XP level 9. HP: 36/63 MP: 8/12
  6482 | D:7      | Found a staircase to the Ecumenical Temple.
  6507 | Temple   | Entered the Ecumenical Temple
  7167 | D:8      | Noticed Grum
  7175 | D:8      | Slain by a wolf

Illustrated notes

Levels and vault maps discovered:
D:1:      lordsloth_arrival_two_stooges, layout_basic, minmay_misc_feat_cross
D:2:      layout_basic, uniq_natasha
D:3:      layout_loops_cross, gammafunk_temple_overflow_statue, serial_shops,
          nicolae_shop_gaudy_bauble, chequers_ecumenical_altar_grove
D:4:      layout_basic, demons_altar
D:5:      layout_rooms, uniq_blork_the_orc
D:6:      layout_loops_corners, xom_teletrap_fun, serial_shops,
          nicolae_shop_waterfront
D:7:      layout_basic, minmay_temple_entry_tees
D:8:      layout_rooms, grunt_lair_entry_orc_guard_hut, uniq_grum
Temple:   grunt_temple_mini_profane

Skill      XL: |  1  2  3  4  5  6  7  8  9 |
---------------+----------------------------+-----
Shapeshifting  | 3 4 5 6 7 8 |  8.6
Unarmed Combat | 3 4 |  4.3
Dodging        | 2 3 |  3.0
Throwing       | 1 |  1.0
Armour         | 1 2 |  2.0
Stealth        | 1 2 |  2.0
Evocations     | 1 |  1.0
Invocations    | 1 4 |  4.0
Fire Magic     | 1 |  1.0
Shields        | 1 |  1.0
Fighting       | 3 |  3.0
Staves         | 1 |  1.0

Action                     |  1- 3 |  4- 6 |  7- 9 || total
---------------------------+-------+-------+-------++-------
  Melee: Unarmed           |    87 |    65 |   202 ||   354
         Short sword       |       |   121 |    60 ||   181
         Headbutt          |       |    28 |    45 ||    73
         Punch             |       |     2 |     4 ||     6
         Kick              |       |       |    36 ||    36
  Throw: Stone             |       |     3 |    12 ||    15
    Use: Scroll            |     2 |     2 |     2 ||     6
         Potion            |       |     3 |     3 ||     6
   Stab: Sleeping          |     1 |       |       ||     1
         Distracted        |       |       |     1 ||     1
 Armour: Animal skin       |    29 |       |       ||    29
         Robe              |     5 |       |       ||     5
         Plate armour      |    24 |   174 |   365 ||   563
  Dodge: Dodged            |    30 |    46 |   118 ||   194
   Form: Flux              |     1 |     1 |     1 ||     3
         Beast             |     1 |     1 |       ||     2

Table legend: (Time is in decaauts)
 A = Elapsed time spent in this place.
 B = Non-inter-level travel time spent in this place.
 C = Inter-level travel time spent in this place.
 D = Time resting spent in this place.
 E = Time spent auto-exploring this place.
 F = Levels seen in this place.
 G = Mean time per level.
                   A        B        C        D        E       F      G
               +--------+--------+--------+--------+--------+-----+--------+
         Total |   7152 |   6695 |    457 |    876 |   4258 |   9 |  794.7 |
       Dungeon |   7150 |   6693 |    457 |    876 |   4258 |   8 |  893.8 |
        Temple |      1 |      1 |      0 |      0 |      0 |   1 |    1.0 |
               +--------+--------+--------+--------+--------+-----+--------+

Top non-repeatable levels by time:
     D:6: 1191 daAuts
     D:4: 1055 daAuts
     D:2: 1041 daAuts
     D:5: 974 daAuts
     D:1: 947 daAuts
     D:3: 877 daAuts
     D:7: 815 daAuts
     D:8: 248 daAuts
  Temple: 1 daAuts
